Map: Dasan Station LE

Players

Zest

  • Race: Protoss Protoss

Stats - Winner!

  • Race: Protoss Protoss

Event: 2016 WCS Global Finals

VOD

Have the link to the VOD?

Description

Time

  • Played on: Nov. 4, 2016, 8:10 p.m.
  • Length: 7:17

All games in this series

Show
View Real Time Build Order
Export as new Build Order

Zest Protoss 

Build Orders:  

Get SALT Encoding   

  12  0:00  Probe (Chrono Boost)  
  13  0:11  Probe (Chrono Boost)  
  14  0:17  Pylon  
  14  0:21  Probe (Chrono Boost)  
  15  0:35  Gateway, Probe (Chrono Boost)  
  16  0:41  Assimilator  
  16  0:45  Probe (Chrono Boost)  
  17  0:56  Probe (Chrono Boost)  
  18  0:57  Assimilator  
  18  1:03  Gateway  
  18  1:06  Probe (Chrono Boost)  
  19  1:17  Probe (Chrono Boost)  
  20  1:22  Cybernetics Core  
  20  1:27  Probe (Chrono Boost)  
  20  1:30  Pylon  
  21  1:38  Probe (Chrono Boost)  
  22  1:47  Warp Gate  
  22  1:49  Probe (Chrono Boost)  
  23  1:59  Stalker, Mothership Core (Chrono Boost)  
  27  2:05  Stalker  
  29  2:11  Pylon  
  29  2:29  Stalker  
  31  2:35  Stalker  
  33  2:49  Robotics Facility  
  33  3:05  Nexus  
  33  3:15  Probe (Chrono Boost)  
  35  3:27  Probe (Chrono Boost)  
  35  3:37  Robotics Bay  
  35  3:39  Probe (Chrono Boost)  
  36  3:45  Pylon  
  36  3:47  Warp Prism  
  38  3:56  Probe (Chrono Boost)  
  39  4:07  Probe (Chrono Boost)  
  41  4:17  Gravitic Drive, Probe (Chrono Boost)  
  41  4:18  Probe (Chrono Boost)  
  41  4:19  Disruptor  
  45  4:31  Gateway  
  45  4:32  Gateway  
  45  4:37  Gateway  
  45  4:42  Gateway  
  45  4:48  Probe x2 (Chrono Boost)  
  45  4:50  Disruptor  
  50  5:05  Gateway  
  50  5:08  Adept  
  50  5:09  Gateway  
  50  5:10  Adept  
  54  5:31  Pylon  
  54  5:32  Pylon  
  54  5:33  Adept x4  
  62  5:35  Pylon  
  62  5:46  Observer  
  63  5:53  Adept x2  
  63  5:54  Adept x3  
  71  6:10  Adept  
  67  6:17  Adept x4  
  66  6:21  Immortal  
  42  6:44  Adept x5, Zealot  
  46  6:55  Adept x2  
  42  7:04  Adept x2  
  42  7:05  Zealot x3  
Show
View Real Time Build Order
Export as new Build Order

Stats Protoss - Winner!

Build Orders:  

Get SALT Encoding   

  12  0:00  Probe (Chrono Boost)  
  13  0:11  Probe (Chrono Boost)  
  14  0:18  Pylon  
  14  0:22  Probe (Chrono Boost)  
  15  0:36  Probe (Chrono Boost)  
  15  0:37  Gateway  
  15  0:41  Assimilator  
  16  0:46  Probe (Chrono Boost)  
  18  0:57  Assimilator, Probe (Chrono Boost)  
  18  1:05  Gateway  
  18  1:07  Probe (Chrono Boost)  
  19  1:18  Probe (Chrono Boost)  
  20  1:24  Cybernetics Core  
  20  1:28  Probe (Chrono Boost)  
  21  1:33  Pylon  
  21  1:39  Probe (Chrono Boost)  
  22  1:50  Probe (Chrono Boost)  
  22  1:54  Warp Gate  
  23  2:00  Stalker x2  
  29  2:01  Mothership Core (Chrono Boost)  
  29  2:10  Pylon  
  29  2:30  Stalker x2  
  33  2:59  Nexus  
  33  3:04  Sentry x2  
  37  3:09  Probe (Chrono Boost)  
  37  3:11  Pylon  
  38  3:22  Robotics Facility  
  39  3:28  Probe (Chrono Boost)  
  40  3:41  Probe (Chrono Boost)  
  40  3:48  Twilight Council  
  40  3:50  Pylon  
  40  3:53  Probe (Chrono Boost)  
  41  4:03  Probe (Chrono Boost)  
  41  4:09  Blink  
  42  4:10  Observer  
  42  4:13  Probe (Chrono Boost)  
  45  4:17  Probe (Chrono Boost)  
  46  4:25  Probe (Chrono Boost)  
  46  4:28  Assimilator  
  46  4:29  Probe (Chrono Boost)  
  46  4:30  Gateway  
  47  4:37  Probe (Chrono Boost)  
  50  4:41  Stalker  
  50  4:42  Probe (Chrono Boost)  
  50  4:45  Immortal  
  53  4:49  Probe (Chrono Boost)  
  57  4:54  Probe (Chrono Boost)  
  57  4:55  Gateway  
  57  4:58  Gateway  
  57  5:02  Gateway  
  57  5:08  Stalker  
  57  5:12  Stalker, Probe (Chrono Boost)  
  62  5:17  Pylon  
  62  5:28  Probe x2 (Chrono Boost)  
  60  5:29  Immortal  
  64  5:40  Probe x2 (Chrono Boost)  
  66  5:42  Stalker  
  66  5:43  Stalker  
  70  5:50  Stalker  
  72  6:01  Stalker x3  
  78  6:11  Pylon  
  68  6:13  Pylon  
  68  6:18  Pylon  
  68  6:31  Stalker  
  68  6:32  Stalker x4  
  76  6:36  Warp Prism, Stalker  
  80  7:03  Stalker x3  
  80  7:07  Pylon  
  80  7:08  Pylon  
  86  7:09  Pylon  
  86  7:15  Stalker  
Tags
 
Add a new tag
Caveats
  • Supply blocks, unpowered buildings, or Contaminate may cause inaccurate times.
  • Supply counts are checked every 10 seconds.